 Dungeon Crawl Stone Soup version 0.17-a0-968-gf8e1f1d (webtiles) character file.

34 Gorice the Skirmisher (level 3, -5/23 HPs)
             Began as a Gargoyle Wanderer on May 9, 2015.
             Slain by a worm (7 damage)
             ... on level 2 of the Dungeon.
             The game lasted 00:05:30 (1452 turns).

Gorice the Skirmisher (Gargoyle Wanderer)           Turns: 1452, Time: 00:05:30

Health: -5/23      AC:  8    Str: 13    XL:     3   Next: 31%
Magic:  3/3        EV: 10    Int: 16    God:
Gold:   24         SH:  0    Dex:  8    Spells: 0 memorised, 2 levels left

rFire  + . .     SeeInvis .     a - +0 club
rCold  . . .     Clarity  .     f - +1 leather armour {rF+}
rNeg   + . .     SustAb   .     (no shield)
rPois  ∞         Gourm    .     r - +0 helmet
rElec  +         Spirit   .     (no cloak)
rCorr  .         Warding  .     (no gloves)
rMut   .         Stasis   .     (no boots)
MR     .....                    (no amulet)
Stlth  +.........               (no ring)
                                (no ring)

@: not resistant to hostile enchantments, very unstealthy
A: negative energy resistance 1, electricity resistance, unbreathing,
petrification resistance, rot immunity, AC +3
a: no special abilities


You were on level 2 of the Dungeon.
You were not hungry.

You visited 1 branch of the dungeon, and saw 2 of its levels.

You collected 24 gold pieces.

Inventory:

Hand weapons
 a - a +0 club (weapon)
 b - a +2 blowgun
 l - a cursed -2 dagger
Missiles
 j - 20 bolts
 Z - 51 stones (quivered)
Armour
 d - a +0 robe
 f - a +1 leather armour of fire resistance (worn)
   (You found it on level 1 of the Dungeon)
 r - a +0 helmet (worn)
Scrolls
 c - 2 scrolls of teleportation {!r}
 g - a scroll of enchant weapon {unknown}
 p - a scroll of magic mapping {unknown}
 q - 3 scrolls of recharging {unknown}
 s - a scroll of identify {unknown}
 t - a scroll of noise {unknown}
 u - a scroll of remove curse {unknown}
Potions
 i - a potion of magic {unknown}
 k - a potion of cancellation {unknown}
 n - 2 potions of curing {unknown}
 o - 2 potions of heal wounds {unknown}
Comestibles
 e - a bread ration {!e}
 h - a chunk of flesh
 m - a beef jerky


   Skills:
 - Level 3.5 Fighting
   Level 1.0(1.7) Axes
 * Level 2.5(2.6) Maces & Flails
 - Level 1.0 Throwing
 - Level 1.1 Armour
 - Level 1.1 Stealth
 - Level 3.0 Unarmed Combat


You had 2 spell levels left.
You didn't know any spells.

Dungeon Overview and Level Annotations

Branches:
Dungeon (2/15)

Altars:
Qazlal
The Shining One

Annotations:
D:2 Ijyb


Innate Abilities, Weirdness & Mutations

You are resistant to torment.
Your stone body is resilient (AC +3).
You are immune to poison.
You resist negative energy.
You are resistant to electric shocks.
You can survive without breathing.
You are immune to petrification.
You are immune to rotting.


Message History

Throwing (i - inventory):
Z - 53 stones (quivered)
Press: ? - help, Shift-Dir - straight line, f/p - worm
Aim: a worm You throw a stone.
The stone hits the worm.
The worm is lightly wounded.
Throwing (i - inventory):
Z - 52 stones (quivered)
Press: ? - help, Shift-Dir - straight line, f/p - worm
Aim: a worm (lightly wounded)
You throw a stone. The stone barely misses the worm.
You hit the worm.
The worm is lightly wounded.
The worm closely misses you.
You barely miss the worm.
The worm is lightly wounded.
You completely miss the worm.
The worm is lightly wounded.
The worm closely misses you.
You barely miss the worm.
The worm is lightly wounded.
The worm misses you.
You barely miss the worm.
The worm is lightly wounded.
You hit the worm but do no damage.
The worm is lightly wounded.
The worm bites you.
Damage: 5 (max 5)
You hit the worm.
The worm is lightly wounded.
The worm bites you but does no damage.
You barely miss the worm.
The worm is lightly wounded.
You hit the worm.
The worm is moderately wounded.
The worm bites you.
* * * LOW HITPOINT WARNING * * *
Damage: 6 (max 6)
You hit the worm but do no damage.
The worm is moderately wounded.
The worm bites you.
* * * LOW HITPOINT WARNING * * *
Damage: 2 (max 6)
You barely miss the worm.
The worm is moderately wounded.
The worm closely misses you.
You barely miss the worm.
The worm is lightly wounded.
You barely miss the worm.
The worm is lightly wounded.
The worm bites you!
You die...

.....# #.#....###.#.#####w# #.#§
.....# ##.#........#.. #.# #.#.
.....# #..#...######.#####.# #...
.....###.##...# #...(...# #.#.
...####..#....# #.(.##..###.#§
#.......##....######(####..)...##
+.......##.#...#...(...#..###....
.................w(..............
#......###.##..#@#####.#.#.##....
...........................######
#......#######.#.....#######
#####..# #.##....##### #.##
#.##........# #####)#
#.##.....#### ...#..# #.######.#
##.#.## #.# #.# ##.#.# #.# #.#


You could see a worm.

Vanquished Creatures
  An adder (D:2)
  2 giant geckos
  2 bats (D:1)
  5 goblins
  3 hobgoblins
  A quokka (D:2)
  7 kobolds
  4 rats
25 creatures vanquished.

Notes
Turn   | Place    | Note
--------------------------------------------------------------
     0 | D:1      | Gorice, the Gargoyle Wanderer, began the quest for the Orb.
     0 | D:1      | Gorice set off with: 2 curare-tipped needles, a +2 blowgun, 2 scrolls of teleportation {!r}, a +0 robe, a bread ration {!e}
     0 | D:1      | Reached XP level 1. HP: 14/14 MP: 1/1
   140 | D:1      | Reached skill level 1 in Maces & Flails
   140 | D:1      | Reached XP level 2. HP: 19/19 MP: 2/2
   723 | D:1      | You fall through a shaft!
   723 | D:2      | Found a stormy altar of Qazlal.
   724 | D:2      | Found a glowing golden altar of the Shining One.
   835 | D:2      | Reached skill level 2 in Maces & Flails
   860 | D:2      | Reached XP level 3. HP: 13/23 MP: 3/3
  1016 | D:2      | Noticed Ijyb
  1024 | D:2      | HP: 4/23 [Ijyb/enchanted club (11)]
  1448 | D:2      | HP: 4/23 [worm (6)]
  1452 | D:2      | Slain by a worm

Action                   || total
-------------------------++-------
Melee: Unarmed           ||    11
       Club              ||   140
 Fire: Blowgun           ||     2
Throw: Stone             ||     9
  Use: Scroll            ||     1
  Eat: Chunk             ||     2

Table legend:
 A = Turns spent in this place as a percentage of turns spent in the entire game.
 B = Non-inter-level travel turns spent in this place as a percentage of non-inter-level travel turns spent in the entire game.
 C = Inter-level travel turns spent in this place as a percentage of turns spent in this place.
 D = Turns resting spent in this place as a percentage of non-inter-level travel turns spent in this place.
 E = Turns spent auto-exploring this place as a percentage of non-inter-level travel turns spent in this place.
 F = Non-inter-level travel turns spent in this place divided by the number of levels of this place that you've seen.
                   A       B       C       D       E      F
               +-------+-------+-------+-------+-------+----------------------
         Total | 100.0 | 100.0 |   0.4 |   0.8 |   7.1 | 245.0
       Dungeon | 100.0 | 100.0 |   0.4 |   0.8 |   7.1 | 245.0
               +-------+-------+-------+-------+-------+----------------------

Vault maps used:
D:1:      ncdulo_watergridlock, lexackson_kobold_supper
D:2:      general_overflow_altar, grunt_ministairs_2, grunt_qazlal_clouds,
          uniq_iyjb
